 Dungeon Crawl Stone Soup version 0.32-a0-418-g34023cf50c (webtiles) character file.

Game seed: 16262751557441915043

13617 Asfel the Spear-Bearer (level 11, -2/129 HPs)
             Began as a Demonspawn Berserker on Feb 21, 2024.
             Was an Elder of Trog.
             Slain by Frances
             ... wielding a +0 battleaxe
              (12 damage)
             ... on level 12 of the Dungeon.
             The game lasted 00:37:18 (11345 turns).

Asfel the Spear-Bearer (Demonspawn Berserker)      Turns: 11345, Time: 00:37:18

Health: -2/129     AC: 22    Str: 17    XL:     11   Next: 77%
Magic:  20/20      EV: 10    Int:  5    God:    Trog [****..]
Gold:   730        SH:  4    Dex: 15    Spells: 10/10 levels left

rFire   . . .        r - +9 scythe (vamp)
rCold   . . .        (shield currently unavailable)
rNeg    + + .        S - +3 chain mail
rPois   .            e - +0 helmet
rElec   .            (no cloak)
rCorr   +            (no gloves)
SInv    .            Q - +0 pair of boots "Put-Me-On" {rN++ rCorr MP+9 Int-3}
Will    ++...        (no amulet) Stlth
                     d - +4 ring of protection
HPRegen 1.41/turn    m - ring of flight
MPRegen 0.17/turn

%: no passive effects
@: mighty, berserking, strong-willed, flying, regenerating, studying Unarmed
Combat, very quick
A: claws 2, thin metallic scales 1, condensation shield, demonic magic 2, weak 1
a: Renounce Religion, Berserk, Trog's Hand, Brothers in Arms


You were on level 12 of the Dungeon.
You worshipped Trog.
Trog was greatly pleased with you.
You visited 2 branches of the dungeon, and saw 13 of its levels.

You collected 758 gold pieces.
You spent 28 gold pieces at shops.

Inventory:

Hand Weapons
 a - a +0 hand axe
 l - a +0 war axe
 r - a +9 vampiric scythe (weapon)
 B - a +6 halberd
 F - a +0 battleaxe of venom
 T - the +9 rapier of the Scorpion {freeze, +Blink MP+9 Dex-2}
   (You found it on level 12 of the Dungeon)

   Dex-2:     It affects your dexterity (-2).
   MP+9:      It affects your magic capacity (+9).
   +Blink:    It lets you blink.
Missiles
 i - 3 throwing nets (quivered)
Armour
 b - a +0 animal skin
 e - a +0 helmet (worn)
 j - a +0 scale mail
 k - a +0 chain mail
 v - the +0 ring mail of Dakhiar {+Blink Str+6 Slay+2 Stlth-}
   (You found it on level 4 of the Dungeon)

   Str+6:     It affects your strength (+6).
   Slay+2:    It affects your accuracy & damage with ranged weapons and melee
   (+2).
   +Blink:    It lets you blink.
   Stlth-:    It makes you less stealthy.
 D - an orb of mayhem
 G - a +0 chain mail
 H - a +0 plate armour
 Q - the +0 pair of boots "Put-Me-On" (worn) {rN++ rCorr MP+9 Int-3}
   (You found it on level 11 of the Dungeon)

   Int-3:     It affects your intelligence (-3).
   rN++:      It greatly protects you from negative energy.
   MP+9:      It affects your magic capacity (+9).
   rCorr:     It protects you from acid and corrosion.
 R - a +0 troll leather armour
 S - a +3 chain mail (worn)
Jewellery
 d - a +4 ring of protection (left claw)
 f - a ring of positive energy
 m - a ring of flight (right claw)
 P - a ring of ice
Wands
 p - a wand of charming (15)
 q - a wand of digging (6)
 x - a wand of polymorph (8)
 C - a wand of flame (9)
 O - a wand of roots (4)
Scrolls
 c - a scroll of vulnerability
 h - 4 scrolls of amnesia
 y - 8 scrolls of teleportation
 A - 2 scrolls of immolation
 E - a scroll of fog
 K - a scroll of revelation
 L - a scroll of silence
Potions
 g - 2 potions of ambrosia
 n - a potion of might
 o - 3 potions of enlightenment
 s - 2 potions of magic
 t - 2 potions of berserk rage
 u - 6 potions of curing
 w - a potion of lignification
 z - 2 potions of cancellation
 I - a potion of attraction
 J - a potion of brilliance
 N - a potion of degeneration
Miscellaneous
 M - a sack of spiders


   Skills:
 + Level 8.0 Fighting
 + Level 5.1(9.4) Axes
 + Level 12.2(12.6) Polearms
 + Level 7.4 Armour
 + Level 5.0 Dodging
 + Level 1.6 Stealth
 + Level 3.4 Shields
 + Level 1.2 Evocations


You had 10 spell levels left.
You didn't know any spells.
Your spell library contained the following spells:

 Spells                   Type           Power      Damage    Failure   Level
 Apportation              Tloc           0%         N/A       99%         1
 Necrotise                Necr           0%         1d4       99%         1
 Sting                    Conj/Alch      0%         1d3       99%         1
 Summon Small Mammal      Summ           0%         N/A       99%         1


Dungeon Overview and Level Annotations

Branches:
Dungeon (12/15)            Temple (0/1) D:4            Lair (1/5) D:8
    Orc (0/2) D:9

Altars:
Ashenzari
Gozag
Kikubaaqudgha
Okawaru
Sif Muna
Trog
Vehumet
Wu Jian
Xom

Shops:
D:4 **   D:11 :

Annotations:
D:12 Frances


Innate Abilities, Weirdness & Mutations

You have very sharp fingernails.
You are partially covered in thin metallic scales. (AC +2)
A meltable shield of frost defends you. (SH +4)
Spells you cast may paralyse nearby enemies.
You are weak. (Str -2)


Message History

Frances shouts!
There is an open door here.
Frances is nearby!
Reach: r) +9 scythe (vamp)
Press: ? - help, Dir - move target
Okay, then.
Frances mutters in a terrible tongue.
Frances seems to speed up.
Reach: r) +9 scythe (vamp)
Press: ? - help, Dir - move target
Okay, then.
Frances hits you with a +0 battleaxe!
You puncture Frances!
You feel better.
Frances is lightly wounded.
Frances says, "Even the Halls of Hell could not contain me."
Frances hits you with a +0 battleaxe!
You closely miss Frances.
Frances is lightly wounded.
Frances hits you with a +0 battleaxe.
You slash Frances!
Frances is lightly wounded.
Frances hits you with a +0 battleaxe!
Your skin crawls.
You feel strong-willed.
Frances hits you with a +0 battleaxe! x2
You feel very mighty all of a sudden. Frances barely misses you.
A red film seems to cover your vision as you go berserk!
You feel yourself moving faster!
You feel mighty!
Frances chants phrases taken from a devil's mouth. x2
The iron shot hits you!!
* * * LOW HITPOINT WARNING * * *
You slash Frances!
Frances is moderately wounded.
Frances hits you with a +0 battleaxe!!
* * * LOW HITPOINT WARNING * * *
You hit Frances.
You feel better.
Frances is moderately wounded.
The chaos spawn misses you. Frances hits you with a +0 battleaxe!
You die...

.......# .......#
.......# .......#
.......# .......#
##...### # ##.###
#..##### ....#
#.4@@4# ....#
#######'## ....#
#........# ....####
#........# >...'..#
#........#
....##.####........#
....##....#.....(..#
....#####.#......(.#
....# #.'...(....#


You could see Frances (fast), a hellwing (summoned) and a chaos spawn
(summoned).

Vanquished Creatures
  2 two-headed ogres
  Pikel (D:6)
  A deep elf pyromancer (D:8)
  A manticore (D:11)
  3 cyclopes
  A cane toad (Lair:1)
  A komodo dragon (D:8)
  Jeremiah (D:7)
  Psyche (D:9)
  3 kobold demonologists (D:7)
  3 trolls
  Sigmund (D:3)
  A centaur simulacrum (D:10)
  3 wraiths
  A wyvern (D:8)
  4 yaks
  3 vampire mosquitoes (D:11)
  A steam dragon (D:10)
  An acid dragon (D:11)
  2 water moccasins (D:7)
  4 ice beasts
  3 black bears
  5 orc warriors
  2 sky beasts
  A wolf (D:10)
  3 ogres
  3 centaurs
  A lemure (D:6)
  3 phantoms (D:4)
  6 kobold brigands
  4 bullfrogs
  9 scorpions
  12 wights
  An electric eel (D:10)
  8 howler monkeys
  2 jellies (D:4)
  2 hounds
  4 orc priests
  A gnoll bouda (D:5)
  2 iguanas
  19 orc wizards
  5 adders
  4 gnolls (D:5)
  2 white imps (D:10)
  A howler monkey simulacrum (D:10)
  An ufetubus (D:10)
  A dart slug (D:2)
  33 orcs
  2 bats
  9 endoplasms
  2 giant cockroaches
  5 goblins
  6 hobgoblins
  4 jackals
  9 quokkas
  4 ball pythons
  6 frilled lizards
  37 kobolds
  5 rats
266 creatures vanquished.

Vanquished Creatures (others)
  A giant cockroach (D:4)
1 creature vanquished.

Grand Total: 267 creatures vanquished

Notes
Turn   | Place    | Note
-------+----------+-------------------------------------------
     0 | D:1      | Asfel the Demonspawn Berserker began the quest for the Orb.
     0 | D:1      | Reached XP level 1. HP: 18/18 MP: 1/1
   301 | D:1      | Gained mutation: You are partially covered in thin metallic
                  | scales. (AC +2) [demonic ancestry]
   301 | D:1      | Reached XP level 2. HP: 23/24 MP: 2/2
   875 | D:2      | Gained mutation: You have sharp fingernails. [demonic
                  | ancestry]
   875 | D:2      | Reached XP level 3. HP: 28/29 MP: 3/3
  1103 | D:2      | Reached ** piety under Trog
  1217 | D:2      | Gained mutation: Spells you cast may paralyse adjacent
                  | enemies. [demonic ancestry]
  1217 | D:2      | Reached XP level 4. HP: 35/35 MP: 4/4
  1608 | D:3      | Noticed Sigmund
  1625 | D:3      | Killed Sigmund
  1626 | D:3      | Reached skill level 5 in Axes
  1626 | D:3      | Reached XP level 5. HP: 42/42 MP: 5/5
  1626 | D:3      | Reached XP level 6. HP: 48/48 MP: 6/6
  2136 | D:4      | Reached skill level 1 in Polearms
  2172 | D:4      | Found Duxauxt's Specific Store.
  2174 | D:4      | Found Uwaeh's General Store.
  2180 | D:4      | Bought a scroll of identify for 28 gold pieces
  2230 | D:4      | Reached skill level 2 in Polearms
  2285 | D:4      | Found a staircase to the Ecumenical Temple.
  2303 | D:4      | Reached skill level 3 in Polearms
  2303 | D:4      | Gained mutation: Spells you cast may paralyse nearby
                  | enemies. [demonic ancestry]
  2303 | D:4      | Reached XP level 7. HP: 38/54 MP: 7/7
  2345 | D:4      | Reached skill level 4 in Polearms
  2987 | D:4      | Identified the +0 ring mail of Dakhiar {+Blink Str+6 Slay+2
                  | Stlth-}
  3179 | D:5      | Entered Level 5 of the Dungeon
  3312 | D:5      | Reached skill level 5 in Polearms
  3312 | D:5      | Gained mutation: A meltable shield of frost defends you.
                  | (SH +4) [demonic ancestry]
  3312 | D:5      | Reached XP level 8. HP: 48/61 MP: 8/8
  3345 | D:5      | Reached *** piety under Trog
  3466 | D:5      | Reached skill level 6 in Polearms
  3641 | D:5      | Found a radiant altar of Vehumet.
  3644 | D:5      | Found an iron altar of Okawaru.
  3649 | D:5      | Found an opulent altar of Gozag.
  3652 | D:5      | Found a broken altar of Ashenzari.
  3656 | D:5      | Found a bloodstained altar of Trog.
  3657 | D:5      | Found an ancient bone altar of Kikubaaqudgha.
  3659 | D:5      | Found an ornate altar of the Wu Jian Council.
  3663 | D:5      | Found a shimmering blue altar of Sif Muna.
  3664 | D:5      | Found a shimmering altar of Xom.
  4135 | D:6      | Reached skill level 1 in Shields
  4265 | D:6      | Noticed Pikel
  4279 | D:6      | Killed Pikel
  4280 | D:6      | Reached skill level 5 in Fighting
  4280 | D:6      | Reached skill level 7 in Polearms
  4280 | D:6      | Reached XP level 9. HP: 68/68 MP: 9/9
  4894 | D:7      | Noticed a kobold demonologist
  4894 | D:7      | Noticed a kobold demonologist
  4894 | D:7      | Noticed a kobold demonologist
  4897 | D:7      | Noticed a soul eater
  4902 | D:7      | Killed a kobold demonologist
  4903 | D:7      | Reached skill level 8 in Polearms
  4905 | D:7      | Killed a kobold demonologist
  4906 | D:7      | Reached skill level 5 in Armour
  4917 | D:7      | Killed a kobold demonologist
  5009 | D:7      | Noticed Jeremiah
  5023 | D:7      | Killed Jeremiah
  5024 | D:7      | Reached skill level 9 in Polearms
  5170 | D:7      | Gained mutation: You have very sharp fingernails. [demonic
                  | ancestry]
  5170 | D:7      | Reached XP level 10. HP: 76/76 MP: 10/10
  5736 | D:8      | HP: 1/76 [orc warrior/arrow (12)]
  5908 | D:8      | Noticed a deep elf pyromancer
  5912 | D:8      | Reached skill level 1 in Stealth
  5919 | D:8      | Killed a deep elf pyromancer
  5920 | D:8      | Reached skill level 10 in Polearms
  5969 | D:8      | Found a staircase to the Lair.
  6141 | D:8      | Reached skill level 1 in Evocations
  7271 | Lair:1   | Entered Level 1 of the Lair of Beasts
  7272 | Lair:1   | Noticed a cane toad
  7283 | Lair:1   | Killed a cane toad
  7585 | D:9      | Found a staircase to the Orcish Mines.
  7645 | D:9      | Reached skill level 5 in Dodging
  7856 | D:9      | Reached **** piety under Trog
  7901 | D:9      | You are sucked into a shaft and drop 2 floors!
  7918 | D:11     | Reached XP level 11. HP: 82/82 MP: 11/11
  8160 | D:11     | Found Kamemp's Self-Improvement Boutique.
  8210 | D:11     | Reached skill level 11 in Polearms
  8289 | D:10     | Entered Level 10 of the Dungeon
  8548 | D:10     | Gained mutation: You expend magic power (3 MP) to
                  | strengthen your wands. [potion of mutation]
  8548 | D:10     | Gained mutation: You have an increased reservoir of magic.
                  | (+10% MP) [potion of mutation]
  8548 | D:10     | Gained mutation: You are agile. (Dex +4, Str/Int -1)
                  | [potion of mutation]
  9446 | D:9      | Noticed Psyche
  9460 | D:9      | Killed Psyche
  9648 | D:9      | Noticed a two-headed ogre
  9662 | D:9      | Killed a two-headed ogre
 10430 | D:11     | Noticed a two-headed ogre
 10441 | D:11     | Killed a two-headed ogre
 10494 | D:11     | Identified the +0 pair of boots "Put-Me-On" {rN++ rCorr
                  | MP+9 Int-3}
 10539 | D:11     | Reached skill level 12 in Polearms
 10695 | D:11     | Identified the +3 quarterstaff "Otiaher" {flame, Str-4
                  | Dex+8}
 10757 | D:11     | Identified the +6 flail "Fuizuq" {vamp, rPois}
 11106 | D:12     | Lost mutation: You have an increased reservoir of magic.
                  | (+10% MP) [potion of mutation]
 11106 | D:12     | Lost mutation: You expend magic power (3 MP) to strengthen
                  | your wands. [potion of mutation]
 11106 | D:12     | Lost mutation: You are agile. (Dex +4, Str/Int -1) [potion
                  | of mutation]
 11106 | D:12     | Gained mutation: You are weak. (Str -2) [potion of
                  | mutation]
 11139 | D:12     | Identified the +9 rapier of the Scorpion {freeze, +Blink
                  | MP+9 Dex-2}
 11259 | D:12     | HP: 2/86 [cyclops (23)]
 11335 | D:12     | Noticed Frances
 11345 | D:12     | Slain by Frances

Illustrated notes

Levels and vault maps discovered:
D:1:      lemuel_arrival_broad_hall, layout_basic
D:2:      layout_rooms, minmay_statues_item, moated_statue, serial_bayou_lake_a
D:3:      minmay_bubble_buster, layout_basic, minmay_bisected, uniq_sigmund
D:4:      layout_loops_ring, minmay_temple_entry_mini_moons,
          nicolae_specific_store, lemuel_flame_loot_1
D:5:      layout_basic, nicolae_overflow_hallway_of_the_gods
D:6:      layout_gridville, uniq_pikel
D:7:      layout_gridville, uniq_jeremiah
D:8:      kennysheep_kobold_camp, layout_layer_cave, david_lair_shrubbed,
          minmay_manual_moon
D:9:      layout_layer_cave, orc_0_dummy, uniq_psyche
D:10:     layout_basic, serial_ice, serial_ice_k, serial_ice_b, serial_ice_c,
          serial_ice_h, serial_library_hellmonk_big_corner
D:11:     layout_irregular_city, nicolae_shop_self_help
D:12:     layout_roguey, nicolae_ru_sacrificial_ziggurat, uniq_josephine,
          uniq_maurice, uniq_snorg, uniq_frances
Lair:1:   layout_small_grid, gammafunk_ghost_split, serial_bayou_shore_a,
          grunt_megastairs_1, uniq_erica

Skill      XL: |  1  2  3  4  5  6  7  8  9 10 11 |
---------------+----------------------------------+-----
Axes           | 3 5 |  5.1
Armour         | 2 3 4 5 6 7 |  7.4
Dodging        | 2 3 4 5 |  5.0
Fighting       | 4 5 7 8 |  8.0
Polearms       | 3 5 7 9 10 12 | 12.2
Shields        | 1 2 3 |  3.4
Stealth        | 1 |  1.6
Evocations     | 1 |  1.2

Action                     |  1- 3 |  4- 6 |  7- 9 | 10-12 || total
---------------------------+-------+-------+-------+-------++-------
  Melee: Hand axe          |    22 |       |       |       ||    22
         War axe           |    61 |    44 |       |       ||   105
         Halberd           |       |    51 |   184 |   411 ||   646
 Invoke: Trog's Hand       |       |     2 |     7 |    12 ||    21
         Berserk           |       |     2 |     5 |     7 ||    14
Ability: Evoke Blink       |       |       |     1 |     1 ||     2
  Evoke: Wand              |       |       |       |     3 ||     3
         Sack of spiders   |       |       |       |     1 ||     1
    Use: Scroll            |       |    11 |     6 |    13 ||    30
         Potion            |       |     1 |       |     5 ||     6
   Stab: Sleeping          |     1 |       |       |       ||     1
 Armour: Animal skin       |     8 |       |       |       ||     8
         Chain mail        |    60 |   167 |    27 |    31 ||   285
         Scale mail        |     1 |       |       |       ||     1
         Skin              |     1 |       |       |       ||     1
         Ring mail         |       |       |   155 |   182 ||   337
         Plate armour      |       |       |       |   308 ||   308
  Dodge: Dodged            |    54 |    63 |   130 |   261 ||   508
  Block: Other             |       |       |    21 |    82 ||   103

Table legend: (Time is in decaauts)
 A = Elapsed time spent in this place.
 B = Non-inter-level travel time spent in this place.
 C = Inter-level travel time spent in this place.
 D = Time resting spent in this place.
 E = Time spent auto-exploring this place.
 F = Levels seen in this place.
 G = Mean time per level.
                   A        B        C        D        E       F      G
               +--------+--------+--------+--------+--------+-----+--------+
         Total |  11483 |   9852 |   1631 |      0 |   7962 |  13 |  883.3 |
       Dungeon |  11470 |   9839 |   1631 |      0 |   7962 |  12 |  955.8 |
          Lair |     13 |     13 |      0 |      0 |      0 |   1 |   13.0 |
               +--------+--------+--------+--------+--------+-----+--------+

Top non-repeatable levels by time:
     D:8: 1827 daAuts
     D:9: 1280 daAuts
    D:10: 1227 daAuts
     D:4: 1105 daAuts
    D:11: 1034 daAuts
     D:7: 934 daAuts
     D:6: 884 daAuts
     D:1: 813 daAuts
     D:5: 740 daAuts
     D:3: 692 daAuts
     D:2: 633 daAuts
    D:12: 296 daAuts
  Lair:1: 13 daAuts
